Map: 2000 Atmospheres LE

Players

A.I. 1 (Harder)

  • Race: Zerg Zerg

Raevinn - Winner!

  • Race: Protoss Protoss

VOD

Have the link to the VOD?

Description

Time

  • Played on: Sept. 18, 2021, 2:28 a.m.
  • Length: 11:23
Show
View Real Time Build Order
Export as new Build Order

A.I. 1 (Harder) Zerg 

Build Orders: 1 Base Baneling Bust, Pool First, Muta Ling Bane, Zergling Baneling 

Get SALT Encoding   

  12  0:00  Drone  
  13  0:12  Overlord  
  13  0:16  Drone  
  14  0:31  Drone x2  
  16  0:43  Spawning Pool  
  16  0:45  Drone  
  16  0:49  Drone  
  17  0:53  Extractor  
  17  0:56  Drone  
  17  1:06  Overlord  
  17  1:30  Queen  
  17  1:31  Zergling x4  
  21  1:35  Roach Warren  
  21  1:38  Drone  
  21  1:42  Extractor  
  21  1:45  Baneling Nest  
  19  1:51  Drone  
  20  2:00  Drone  
  21  2:11  Drone  
  22  2:21  Zergling x2  
  23  2:28  Baneling x2  
  23  2:32  Drone  
  23  2:36  Overlord  
  24  2:37  Zergling x4  
  24  2:38  Baneling  
  24  2:44  Baneling, Zergling x2  
  27  2:54  Drone  
  27  2:57  Metabolic Boost  
  28  3:05  Zergling x2  
  29  3:09  Zergling x6  
  32  3:17  Overlord  
  32  3:26  Baneling  
  32  3:28  Baneling, Zergling x2  
  32  3:33  Baneling  
  33  3:38  Zergling x2  
  33  3:39  Baneling  
  33  3:40  Drone, Zergling x2  
  36  3:42  Drone  
  37  3:50  Drone  
  38  3:57  Evolution Chamber  
  38  4:01  Drone  
  38  4:12  Zergling x2  
  38  4:13  Drone x2  
  40  4:23  Overlord  
  40  4:34  Drone, Lair  
  33  5:00  Baneling  
  33  5:02  Baneling  
  33  5:03  Zergling x2  
  32  5:09  Zerg Melee Weapons Level 1  
  32  5:30  Zergling x2  
  32  5:33  Spire  
  32  5:34  Drone  
  32  5:35  Zergling x2  
  34  5:40  Zergling x2  
  35  6:12  Burrow  
  35  6:16  Spore Crawler, Baneling  
  34  6:20  Drone, Spore Crawler  
  34  6:21  Baneling, Zergling x2  
  35  6:27  Hatchery  
  34  6:47  Mutalisk  
  34  6:49  Centrifical Hooks  
  34  6:52  Mutalisk  
  38  6:57  Mutalisk  
  38  7:00  Spine Crawler  
  39  7:01  Drone  
  39  7:03  Zerg Ground Armor Level 1  
  39  7:07  Mutalisk  
  42  7:09  Spine Crawler  
  42  7:11  Drone  
  42  7:23  Queen  
  42  7:26  Mutalisk  
  46  7:40  Drone x4, Evolution Chamber  
  46  7:41  Drone x2  
  51  7:45  Drone  
  51  7:47  Extractor  
  51  7:49  Drone  
  51  7:50  Spore Crawler  
  51  7:54  Drone, Mutalisk  
  51  7:58  Overlord  
  54  8:02  Drone  
  54  8:03  Drone  
  54  8:05  Zerg Missile Weapons Level 1  
  56  8:08  Drone  
  56  8:11  Drone  
  58  8:15  Pneumatized Carapace  
  57  8:24  Corruptor  
  59  8:37  Overseer  
  59  8:42  Extractor  
  59  8:48  Hatchery  
  57  8:52  Corruptor  
  59  9:07  Overseer  
  59  9:13  Overlord  
  59  9:16  Infestation Pit  
  58  9:46  Overseer  
  58  9:53  Hive  
  58  9:57  Mutalisk  
  60  10:01  Drone  
  60  10:05  Roach, Zergling x4  
  60  10:06  Roach x2  
  68  10:07  Overlord  
  68  10:08  Roach  
  68  10:09  Roach  
  70  10:33  Roach x2  
  65  10:36  Zergling x2  
  65  10:42  Mutalisk  
  58  10:44  Roach  
  42  10:51  Drone  
  29  11:01  Drone x2  
  27  11:09  Drone  
Show
View Real Time Build Order
Export as new Build Order

Raevinn Protoss - Winner!

Build Orders: 1 Gate Expand, Blink Stalkers 

Get SALT Encoding   

  12  0:00  Probe  
  13  0:12  Probe  
  14  0:19  Pylon  
  14  0:24  Probe  
  15  0:37  Probe  
  15  0:38  Gateway  
  16  0:46  Assimilator  
  16  0:49  Probe  
  17  1:01  Probe  
  18  1:13  Probe  
  19  1:28  Cybernetics Core  
  19  1:35  Nexus  
  19  1:38  Probe  
  20  1:48  Pylon  
  20  1:51  Probe  
  21  1:56  Assimilator  
  21  2:03  Probe  
  21  2:04  Warp Gate  
  22  2:09  Stalker (Chrono Boost)  
  25  2:15  Probe  
  25  2:24  Twilight Council  
  25  2:27  Probe  
  26  2:36  Stalker  
  28  2:39  Probe  
  29  2:48  Probe  
  30  2:53  Probe  
  31  2:59  Blink (Chrono Boost)  
  31  3:02  Gateway  
  31  3:06  Gateway  
  31  3:18  Probe  
  31  3:19  Probe  
  33  3:22  Stalker (Chrono Boost)  
  35  3:31  Probe  
  36  3:41  Probe  
  36  3:43  Probe  
  38  3:54  Probe  
  39  3:55  Probe  
  40  4:03  Stalker x2  
  40  4:04  Stalker  
  46  4:17  Pylon  
  46  4:21  Pylon  
  46  4:35  Probe x2 (Chrono Boost)  
  46  4:36  Nexus  
  46  4:37  Pylon  
  48  4:39  Pylon  
  49  4:47  Probe x2 (Chrono Boost)  
  49  4:49  Stalker x3  
  50  5:05  Probe x2  
  52  5:15  Zealot  
  52  5:16  Stalker  
  52  5:17  Stalker  
  58  5:26  Forge  
  58  5:27  Probe x2, Forge  
  60  5:31  Assimilator  
  60  5:34  Assimilator  
  60  5:37  Pylon  
  60  5:41  Gateway, Probe  
  61  5:42  Gateway  
  61  5:43  Probe  
  61  5:47  Gateway  
  62  5:54  Stalker x2  
  62  5:56  Pylon  
  66  6:08  Stalker  
  66  6:09  Protoss Ground Weapons Level 1 (Chrono Boost), Protoss Ground Armor Level 1 (Chrono Boost)  
  68  6:17  Probe x3  
  71  6:34  Zealot  
  71  6:35  Zealot x2  
  71  6:38  Probe  
  78  6:42  Probe x2  
  80  6:47  Zealot x2  
  80  6:48  Zealot  
  86  7:18  Pylon  
  86  7:20  Templar Archives, Pylon  
  86  7:24  Gateway  
  86  7:26  Gateway  
  86  7:28  Gateway  
  86  7:30  Gateway, Pylon  
  86  7:32  Pylon  
  86  7:34  Stalker x4  
  86  7:35  Stalker  
  96  7:37  Stalker  
  96  7:43  Probe x2  
  96  7:44  Probe  
  101  7:54  Shield Battery  
  101  7:55  Protoss Ground Weapons Level 2 (Chrono Boost), Protoss Ground Armor Level 2 (Chrono Boost)  
  101  7:56  Probe x2  
  101  7:57  Shield Battery  
  103  7:59  Zealot x2  
  103  8:00  Zealot x4  
  115  8:11  Probe x2  
  115  8:12  Probe  
  118  8:23  Probe  
  118  8:24  Probe x2  
  121  8:34  High Templar x5  
  123  8:35  High Templar  
  123  8:39  Zealot x3  
  123  8:40  Zealot  
  141  8:42  Psionic Storm  
  141  8:46  Pylon  
  141  8:47  Pylon  
  141  8:49  Pylon  
  141  9:12  Nexus, Zealot x3, Pylon  
  141  9:13  Zealot x3  
  141  9:14  Zealot  
  141  9:16  Pylon  
  155  9:27  Zealot x2  
  155  9:28  Zealot  
  161  9:39  Pylon  
  161  9:41  Pylon  
  161  9:44  Pylon  
  161  9:45  Stalker x4  
  165  9:46  Stalker  
  171  10:19  Stalker x3  
  171  10:20  Stalker x5  
  171  10:21  Stalker x2  
Tags
 
Add a new tag
Caveats
  • Supply blocks, unpowered buildings, or Contaminate may cause inaccurate times.
  • Supply counts are checked every 10 seconds.